Get step-by-step instructions on how to execute this build order below. Start the game timer, and the build order will tick by so you can play in parallel with StarCraft on a second screen or mobile device.

Game Time

  0:00

Last Step

  N/A

Next Step

Upcoming Step



Don't want to look back and forth between 2 screens? Try out our Overwolf App, the Spawning Tool Build Advisor to get an in-game overlay with this build!

Complete Build Order

  12  0:00  Probe  
  14  0:14  Probe  
  14  0:19  Pylon  
  14  0:27  Probe  
  15  0:38  Gateway  
  15  0:40  Probe (Chrono Boost)  
  16  0:46  Assimilator  
  17  0:50  Probe (Chrono Boost)  
  17  1:03  Probe  
  18  1:17  Probe  
  19  1:33  Cybernetics Core  
  19  1:36  Nexus  
  19  1:39  Probe  
  20  1:43  Assimilator  
  20  1:50  Pylon  
  20  1:52  Probe  
  21  2:04  Probe  
  22  2:12  Adept (Chrono Boost)  
  22  2:14  Warp Gate  
  24  2:27  Gateway, Shield Battery  
  24  2:31  Probe  
  25  2:39  Stalker (Chrono Boost)  
  27  2:47  Stargate  
  29  2:51  Probe (Chrono Boost)  
  29  2:56  Probe (Chrono Boost)  
  29  3:01  Probe (Chrono Boost)  
  29  3:04  Probe (Chrono Boost)  
  31  3:06  Stalker (Chrono Boost)  
  33  3:16  Probe  
  34  3:25  Twilight Council  
  34  3:27  Gateway  
  34  3:30  Probe x2  
  36  3:44  Oracle (Chrono Boost)  
  39  3:56  Probe x2  
  39  4:00  Pylon  
  39  4:02  Robotics Facility  
  41  4:08  Probe x2  
  43  4:11  Assimilator  
  43  4:13  Assimilator  
  43  4:20  Probe x2  
  45  4:25  Pylon  
  45  4:30  Gateway  
  45  4:36  Robotics Facility  
  45  4:44  Templar Archives  
  45  4:51  Gateway  
  45  4:52  Gateway  
  45  4:54  Gateway  
  45  4:56  Gateway  
  45  5:00  Gateway  
  45  5:28  Probe x2  
  47  5:33  Warp Prism  
  49  5:40  Probe  
  50  5:46  Nexus  
  50  5:47  Pylon  
  50  5:48  Charge  
  50  5:51  High Templar  
  50  5:52  High Templar  
  54  5:58  Probe x2  
  54  6:03  Shield Battery  
  56  6:04  Pylon  
  56  6:06  Archon  
  56  6:10  Probe  
  57  6:14  Shield Battery  
  57  6:15  Shield Battery  
  57  6:17  Pylon  
  57  6:19  High Templar x2  
  57  6:23  Archon  
  57  6:25  Psionic Storm  
  61  6:30  Gateway  
  61  6:31  Gateway  
  61  6:35  Probe x2  
  63  6:47  Probe  
  63  6:50  Zealot x5  
  72  7:07  Probe x2  
  72  7:08  Probe  
  75  7:11  High Templar x2  
  79  7:15  Archon  
  79  7:17  Zealot x5  
  79  7:20  Probe x2 (Chrono Boost)  
  92  7:25  Probe (Chrono Boost)  
  92  7:30  High Templar x2  
  92  7:32  Zealot x2  
  92  7:34  Archon  
  100  7:39  Pylon  
  100  7:40  Pylon  
  100  7:42  Pylon  
  100  7:50  Assimilator, Probe  
  101  7:52  Assimilator  
  101  7:53  Shield Battery  
  101  7:57  High Templar, Probe x2  
  101  7:58  High Templar  
  107  8:00  Zealot x3  
  107  8:01  Zealot  
  115  8:08  Observer (Chrono Boost)  
  115  8:11  Zealot x3  
  122  8:26  Pylon x2  
  122  8:28  Pylon  
  122  8:39  Pylon  
  122  8:40  Pylon  
  122  8:46  High Templar x3  
  128  8:48  Zealot x2  
  128  8:49  Zealot x5  
  142  9:11  High Templar x3  
  142  9:13  Zealot x3  
  142  9:14  Zealot x2  
  158  9:18  High Templar  
  158  9:21  Archon  
  158  9:22  Archon  
  123  9:57  Zealot x4  
  123  9:58  Zealot x3  
  121  10:00  Zealot x4  
  115  10:21  Zealot x7  
  101  10:22  Zealot x3  
  107  10:33  Zealot  
  99  10:42  High Templar x3  
  103  10:43  High Templar x6  
  103  10:46  Archon  
  103  10:47  Archon x3  
  91  11:21  Zealot x3  
  91  11:22  Zealot x5  
  91  11:23  Zealot x3  
  85  11:42  High Templar x2  
  85  11:43  High Templar x4  
  85  11:44  Zealot x4  
  85  11:46  Archon  
  99  11:47  Archon x2  
  89  12:07  Zealot x5  
  93  12:13  High Templar x4  
  97  12:17  Zealot  
  97  12:18  Archon  
  97  12:19  Archon